 Dungeon Crawl Stone Soup version 0.20.0-15-g7f486f2 (webtiles) character file.

71 Chiseanne the Magician (level 4, 30/30 HPs)
             Began as a Demonspawn Wizard on June 15, 2017.
             Quit the game on level 3 of the Dungeon.
             The game lasted 00:03:18 (2240 turns).

Chiseanne the Magician (Demonspawn Wizard)          Turns: 2240, Time: 00:03:18

Health: 30/30      AC:  3    Str:  8    XL:     4   Next: 5%
Magic:  2/9        EV: 12    Int: 20    God:
Gold:   24         SH:  0    Dex: 11    Spells: 9/10 levels left

rFire    . . .     SeeInvis .   a - +3 whip (elec)
rCold    . . .     Gourm    .   (no shield)
rNeg     . . .     Faith    .   f - +0 robe
rPois    .         Spirit   .   b - +0 hat
rElec    .         Reflect  .   (no cloak)
rCorr    .         Harm     .   e - +0 pair of gloves
MR       .....                  (no boots)
Stlth    ++........             (no amulet)
Regen    0.1/turn               (no ring)
MPRegen  0.2/turn               (no ring)

@: very slightly contaminated
A: antennae 1, powered by death 1
a: no special abilities


You were on level 3 of the Dungeon.
You were not hungry.

You visited 1 branch of the dungeon, and saw 3 of its levels.

You collected 24 gold pieces.

Inventory:

Hand Weapons
 a - a +3 whip of electrocution (weapon)
Missiles
 j - 64 stones (quivered)
 n - 7 arrows
 r - 31 sling bullets
Armour
 b - a +0 hat (worn)
 e - a +0 pair of gloves (worn)
 f - a +0 robe (worn)
Scrolls
 g - a scroll of recharging
Potions
 m - a potion of resistance {unknown}
 o - a potion of cancellation {unknown}
 p - a potion of curing
Books
 c - a book of Minor Magic

   Spells                             Type                      Level
   a - Magic Dart                     Conjuration                  1
   b - Blink                          Translocation                2
   c - Call Imp                       Summoning                    2
   d - Slow                           Hexes                        2
   e - Conjure Flame                  Conjuration/Fire             3
   f - Mephitic Cloud                 Conjuration/Poison/Air       3
Comestibles
 d - a bread ration
 h - a chunk of flesh
 i - a meat ration
 l - a royal jelly
 s - 3 fruits


   Skills:
 - Level 1.7 Dodging
 - Level 1.7 Stealth
 * Level 3.8 Spellcasting
 * Level 2.9 Conjurations
   Level 1.0 Summonings
   Level 0.8 Translocations


You had 9 spell levels left.
You knew the following spells:

 Your Spells              Type           Power        Failure   Level  Hunger
a - Magic Dart            Conj           ###.         4%          1    None


Dungeon Overview and Level Annotations

Branches:
Dungeon (3/15)

Altars:


Innate Abilities, Weirdness & Mutations

You have a pair of small antennae on your head.
You regenerate a little health from kills.


Message History

Nothing appears to happen.
The adder barely misses you.
Casting: Magic Dart
Confirm with . or Enter, or press ? or * to list all spells.
Aiming: Magic Dart
Press: ? - help, Shift-Dir - straight line, f/p - adder
Aim: an adder (severely wounded)
The magic dart hits the adder.
The adder is almost dead.
The adder completely misses you.
Casting: Magic Dart
Confirm with . or Enter, or press ? or * to list all spells.
Aiming: Magic Dart
Press: ? - help, Shift-Dir - straight line, f/p - adder
Aim: an adder (almost dead)
The magic dart hits the adder.
You kill the adder!
You have reached level 4!
You feel stronger.
Your demonic ancestry asserts itself...
A pair of antennae grows on your head!
Are you sure you want to abandon this character and quit the game? (Confirm with "yes".)

...###.# .......#
### .# #..
...##### #...# .#
#... #.## #.
#.#.# .##.... #.#
#. #.#.## .......
#.# #.##.#..
..... #.#
#......# ... .
#.#
#......###†##....
#.#
#........@.......
#.#
##.....########..
#.# #.....#
#.#########.###
#...........#
#############


There were no monsters in sight!

Vanquished Creatures
  3 adders
  A worm (D:2)
  3 dart slugs
  A leopard gecko (D:2)
  3 bats
  A giant cockroach (D:2)
  5 goblins
  9 hobgoblins
  3 frilled lizards
  3 kobolds
  A rat (D:2)
33 creatures vanquished.

Notes
Turn   | Place    | Note
-------+----------+-------------------------------------------
     0 | D:1      | Chiseanne the Demonspawn Wizard began the quest for the Orb.
     0 | D:1      | Reached XP level 1. HP: 13/13 MP: 4/4
   344 | D:1      | Gained mutation: You regenerate a little health from kills. [demonic ancestry]
   344 | D:1      | Reached XP level 2. HP: 19/19 MP: 1/6
  1321 | D:2      | Reached XP level 3. HP: 24/24 MP: 4/8
  2239 | D:3      | Gained mutation: You have a pair of small antennae on your head. [demonic ancestry]
  2239 | D:3      | Reached XP level 4. HP: 30/30 MP: 2/9
  2240 | D:3      | Quit the game

Skill      XL: |  1  2 |
---------------+-------+-----
Conjurations   | 2 |  2.9
Dodging        | |  1.7
Stealth        | |  1.7
Spellcasting   | |  3.8
Summonings     | |  1.0
Translocations | |  0.8

Action                   |  1- 3 |  4- 6 || total
-------------------------+-------+-------++-------
Melee: Whip              |    28 |       ||    28
 Cast: Magic Dart        |    74 |     1 ||    75
  Use: Scroll            |     6 |       ||     6
  Eat: Chunk             |     4 |       ||     4
Armor: Robe              |     9 |       ||     9
Dodge: Dodged            |    30 |       ||    30
